 Dungeon Crawl Stone Soup version 0.21.1-1-g345015fe64 (webtiles) character file.

536 Kisielow the Slasher (level 7, 0/60 HPs)
             Began as a Minotaur Fighter on June 10, 2018.
             Was a Follower of Okawaru.
             Slain by an ogre
             ... wielding a cursed +0 giant club
              (12 damage)
             ... on level 5 of the Dungeon.
             The game lasted 00:06:53 (4092 turns).

Kisielow the Slasher (Minotaur Fighter)             Turns: 4092, Time: 00:06:53

Health: 0/60       AC:  9    Str: 22    XL:     7   Next: 4%
Magic:  6/6        EV:  6    Int:  5    God:    Okawaru [*.....]
Gold:   258        SH: 13    Dex: 10    Spells: 6/6 levels left

rFire    . . .     SeeInvis .   a - +0 long sword
rCold    . . .     Gourm    .   c - +0 shield
rNeg     . . .     Faith    .   u - +0 chain mail
rPois    +         Spirit   .   (helmet restricted)
rElec    .         Reflect  +   (no cloak)
rCorr    .         Harm     .   (no gloves)
MR       .....                  (no boots)
Stlth    ..........             i - +3 amulet of reflection
HPRegen  0.20/turn              l - ring of poison resistance
MPRegen  0.10/turn              (no ring)

@: no status effects
A: retaliatory headbutt, horns 2
a: Heroism, Renounce Religion


You were on level 5 of the Dungeon.
You worshipped Okawaru.
Okawaru was aware of your devotion.
You were not hungry.

You visited 1 branch of the dungeon, and saw 5 of its levels.
You also visited: Sewer.

You collected 258 gold pieces.

Inventory:

Hand Weapons
 a - a +0 long sword (weapon)
 b - a +0 short sword of protection
 r - a +2 dagger of pain
Armour
 c - a +0 shield (worn)
 u - a +0 chain mail (worn)
Jewellery
 i - a +3 amulet of reflection (around neck)
 l - a ring of poison resistance (left hand)
Wands
 e - a wand of enslavement (9)
 y - a wand of flame (25)
Scrolls
 k - a scroll of fear {unknown}
 p - a scroll of immolation {unknown}
 s - a scroll of remove curse
 t - a scroll of teleportation
 x - a scroll of identify
 z - a scroll of amnesia {unknown}
Potions
 d - a potion of might
 g - 2 potions of lignification
 h - 2 potions of ambrosia {unknown}
 j - a potion of mutation {unknown}
 m - 2 potions of flight {unknown}
 n - 3 potions of curing
 o - a potion of heal wounds {unknown}
 q - 3 potions of degeneration {unknown}
 v - a potion of agility {unknown}
Comestibles
 f - 8 rations
 w - 4 chunks of flesh


   Skills:
 + Level 4.9 Fighting
 * Level 7.0 Long Blades
 + Level 5.0 Armour
 + Level 5.0 Shields


You had 6 spell levels left.
You didn't know any spells.

Dungeon Overview and Level Annotations

Branches:
Dungeon (5/15)             Temple (0/1) D:5

Altars:
Ashenzari
Cheibriados
Elyvilon
Hepliaklqana
Kikubaaqudgha
Okawaru
Qazlal
Sif Muna


Innate Abilities, Weirdness & Mutations

You reflexively headbutt those who attack you in melee.
You have a pair of horns on your head.


Message History

You are too injured to fight recklessly!
You are too injured to fight recklessly!
You are too injured to fight recklessly!
You are too injured to fight recklessly!
You are too injured to fight recklessly!
You are too injured to fight recklessly!
You are too injured to fight recklessly!
You slash the ogre!
The ogre is heavily wounded.
You hit the ogre.
The ogre is heavily wounded.
You block the ogre's attack.
You closely miss the ogre. You headbutt the ogre!
The ogre is severely wounded.
The ogre hits you with a giant club!
* * * LOW HITPOINT WARNING * * *
You hit the ogre but do no damage. Your headbutt misses the ogre.
The ogre is severely wounded.
The ogre hits you with a giant club!
You die...

................# *,*
....####.######.# *,*
....#
#.######.#######***,*
....#
#...............,,,,*
.####
########.#######***,*
.# #.# **** *,* .#
#.# *,,# *,* ##
#.###..###**,*
#************
#.@O......,,,******
.,,,,,,,,,,,*
#####..###****,,,,,
##*********,*
*,,...,,,,,**** *,*
*,***#****** *,* *,*
*,* *,* *,* *,*
*,*******,*
*,,,,,,,,,*


You could see an ogre.

Vanquished Creatures
  2 ogres (D:4)
  A crocodile (Sewer)
  An orc priest (D:3)
  3 orc wizards (D:4)
  2 worker ants (D:4)
  4 adders
  4 oozes
  2 worms
  3 dart slugs
  A leopard gecko (D:4)
  10 orcs
  10 bats
  A bat zombie (D:3)
  4 giant cockroaches
  10 goblins
  5 hobgoblins
  2 jackals (Sewer)
  A ball python (D:4)
  3 frilled lizards
  A jackal skeleton (D:4)
  6 kobolds
  4 rats
  3 rat zombies (D:3)
83 creatures vanquished.

Notes
Turn   | Place    | Note
-------+----------+-------------------------------------------
     0 | D:1      | Kisielow the Minotaur Fighter began the quest for the Orb.
     0 | D:1      | Reached XP level 1. HP: 19/19 MP: 0/0
    89 | D:1      | Reached skill level 3 in Long Blades
   131 | D:1      | Reached XP level 2. HP: 26/26 MP: 1/1
   350 | D:1      | Reached skill level 4 in Long Blades
   413 | D:1      | Reached XP level 3. HP: 31/31 MP: 2/2
   929 | D:2      | Reached skill level 5 in Long Blades
  1155 | D:2      | Found a snail-covered altar of Cheibriados.
  1547 | D:3      | Reached XP level 4. HP: 40/40 MP: 3/3
  1554 | D:3      | Found an ancient bone altar of Kikubaaqudgha.
  2009 | D:3      | Found a deep blue altar of Sif Muna.
  2011 | D:3      | Found an iron altar of Okawaru.
  2012 | D:3      | Found a white marble altar of Elyvilon.
  2028 | D:3      | Became a worshipper of Warmaster Okawaru
  2491 | D:4      | Found a stormy altar of Qazlal.
  2496 | D:4      | Reached XP level 5. HP: 45/46 MP: 4/4
  2536 | D:4      | Found a shattered altar of Ashenzari.
  2634 | D:4      | Found a hazy altar of Hepliaklqana.
  3008 | D:4      | Noticed an ogre
  3018 | D:4      | Killed an ogre
  3018 | D:4      | Reached skill level 6 in Long Blades
  3018 | D:4      | Reached XP level 6. HP: 11/53 MP: 5/5
  3655 | D:4      | Reached * piety under Okawaru
  3819 | D:5      | Entered Level 5 of the Dungeon
  3887 | D:5      | Found a glowing drain.
  3893 | Sewer    | Entered a sewer
  3961 | Sewer    | Reached skill level 7 in Long Blades
  3961 | Sewer    | Reached skill level 5 in Armour
  3961 | Sewer    | Reached skill level 5 in Shields
  3961 | Sewer    | Reached XP level 7. HP: 42/60 MP: 6/6
  4092 | D:5      | Slain by an ogre

Skill      XL: |  1  2  3  4  5  6 |
---------------+-------------------+-----
Long Blades    | 3 4 5 6 7 |  7.0
Shields        | 4 5 |  5.0
Armour         | 4 5 |  5.0
Fighting       | 4 |  4.9

Action                   |  1- 3 |  4- 6 |  7- 9 || total
-------------------------+-------+-------+-------++-------
Melee: Long sword        |    89 |   138 |     6 ||   233
       Headbutt          |    10 |    28 |     1 ||    39
  Use: Scroll            |     4 |     3 |       ||     7
  Eat: Chunk             |     2 |     8 |       ||    10
Armor: Scale mail        |    47 |    20 |       ||    67
       Chain mail        |       |    24 |       ||    24
Dodge: Dodged            |    30 |    20 |       ||    50
Block: Shield            |    39 |    77 |     2 ||   118
       Rpst.: Long sword |     5 |     1 |       ||     6
